 Dungeon Crawl Stone Soup version 0.28.0-47-ge53b351184 (webtiles) character file.

Game seed: 6742788783710587189

216 GilGalad the Conjurer (level 5, 0/28 HPs)
             Began as a Deep Elf Conjurer on Apr 27, 2022.
             Slain by a hound (1 damage)
             ... on level 3 of the Dungeon.
             The game lasted 00:07:53 (3996 turns).

GilGalad the Conjurer (Deep Elf Conjurer)           Turns: 3996, Time: 00:07:54

Health: 0/28       AC:  2    Str:  4    XL:     5   Next: 61%
Magic:  1/14       EV: 13    Int: 25    God:
Gold:   167        SH:  0    Dex: 13    Spells: 7/13 levels left

rFire   . . .      SeeInvis .   c - +1 dagger (venom)
rCold   . . .      Faith    .   (no shield)
rNeg    . . .      Spirit   .   a - +0 robe
rPois   .          Reflect  .   (no helmet)
rElec   .          Harm     .   (no cloak)
rCorr   +          Rampage  .   (no gloves)
Will    .....                   (no boots)
Stlth   ++........              (no amulet)
HPRegen 0.09/turn               e - ring of resist corrosion
MPRegen 0.14/turn               (no ring)

@: no status effects
A: no striking features
a: no special abilities


You were on level 3 of the Dungeon.
You visited 1 branch of the dungeon, and saw 4 of its levels.

You collected 167 gold pieces.

Inventory:

Hand Weapons
 b - a +0 antimagic dagger
 c - a +1 dagger of venom (weapon)
Missiles
 o - a throwing net
Armour
 a - a +0 robe (worn)
Jewellery
 e - a ring of resist corrosion (left hand)
 p - a ring of ice
Scrolls
 f - a scroll of immolation {unknown}
 g - 2 scrolls of teleportation {unknown}
 h - a scroll of amnesia {unknown}
 i - a scroll of noise {unknown}
 j - a scroll of magic mapping {unknown}
 k - a scroll of fear {unknown}
 m - a scroll of acquirement {unknown}
 q - a scroll of enchant armour {unknown}
Potions
 d - a potion of brilliance {unknown}
 l - 2 potions of curing {unknown}
 n - a potion of invisibility {unknown}
 r - a potion of berserk rage {unknown}


   Skills:
 - Level 3.5 Dodging
 - Level 3.5 Stealth
 + Level 4.7 Spellcasting
 + Level 5.3 Conjurations
 + Level 1.5 Air Magic
 + Level 1.6 Poison Magic


You had 7 spell levels left.
You knew the following spells:

 Your Spells              Type           Power      Damage    Failure   Level
a - Magic Dart            Conj           100%       1d8       1%          1
b - Searing Ray           Conj           64%        2d6       1%          2
c - Mephitic Cloud        Conj/Pois/Air  20%        N/A       8%          3

Your spell library contained the following spells:

 Spells                   Type           Power      Damage    Failure   Level
 Dazzling Flash           Conj/Hex       38%        N/A       9%          3
 Call Imp                 Summ           5%         N/A       13%         2
 Ozocubu's Armour         Ice            5%         N/A       26%         3
 Fulminant Prism          Conj/Hex       9%         3d7       28%         4
 Iskenderun's Mystic Bla  Conj/Tloc      19%        2d6       28%         4
 Ozocubu's Refrigeration  Ice            2%         4d5       100%        7


Dungeon Overview and Level Annotations

Branches:
Dungeon (4/15)
 Temple: D:4-7

Altars:

Shops:
D:2 :   D:3 (

Annotations:
D:4 Pargi


Message History

The magic dart hits the hound.
The hound is heavily wounded.
The hound bites you.
* * * LOW HITPOINT WARNING * * *
Casting: Magic Dart (safe; 1% risk of failure)
Confirm with . or Enter, or press ? or * to list all spells.
Aiming: Magic Dart (safe; 1% risk of failure)
Press: ? - help, Shift-Dir - straight line, f/p - hound
Aim: a hound (heavily wounded, 100% to hit)
The magic dart hits the hound.
The hound is severely wounded.
The hound closely misses you. The hound barely misses you.
Casting: Magic Dart (safe; 1% risk of failure)
Confirm with . or Enter, or press ? or * to list all spells.
Aiming: Magic Dart (safe; 1% risk of failure)
Press: ? - help, Shift-Dir - straight line, f/p - hound
Aim: a hound (severely wounded, 100% to hit)
The magic dart hits the hound.
The hound is almost dead.
The hound closely misses you. The hound closely misses you.
You see here a +0 dagger.
The hound closely misses you.
You see here 15 stones.
The hound misses you.
You see here a +0 robe.
The hound bites you.
* * * LOW HITPOINT WARNING * * *
The hound bites you.
* * * LOW HITPOINT WARNING * * *
Casting: Magic Dart (safe; 1% risk of failure)
Confirm with . or Enter, or press ? or * to list all spells.
Aiming: Magic Dart (safe; 1% risk of failure)
Press: ? - help, Shift-Dir - straight line, f/p - hound
Aim: a hound (almost dead, 100% to hit)
The magic dart hits the hound but does no damage.
The hound is almost dead.
The hound misses you. The hound bites you.
You die...

.........#.#...#....#.##.........
.........#.#.#.#....#.###........
.........#.#.#.###.##)# #..#'####
.........#.#.......##.# ##.#.#
.........#.###.######(# #...#
.........'.....#...[..# ##..#
.........#.#####.###### #..#
.......#.......#h##########.>###
######.#.#.###.#@##............#
#.#.#.# #.#.##............#
#.#.#.# #.#.##............#
#.#.#.###.#.##............#
#.#.#.....#.###########'###
#.#.#######.###########.#
#.#..................##.#
#.#########.########.##.#
######.##......#.########.##.#


You could see a hound.

Vanquished Creatures
  A phantom (D:4)
  2 iguanas (D:4)
  3 adders
  2 dart slugs
  4 orcs (D:4)
  9 bats
  2 endoplasms
  A giant cockroach (D:3)
  6 goblins
  6 hobgoblins
  3 jackals (D:3)
  5 kobolds
  5 quokkas
  5 ball pythons
  3 frilled lizards
  5 rats
62 creatures vanquished.

Notes
Turn   | Place    | Note
-------+----------+-------------------------------------------
     0 | D:1      | GilGalad the Deep Elf Conjurer began the quest for the Orb.
     0 | D:1      | Reached XP level 1. HP: 10/10 MP: 6/6
   214 | D:1      | Reached XP level 2. HP: 15/15 MP: 6/8
   536 | D:1      | Learned a level 2 spell: Searing Ray
  1291 | D:2      | Reached XP level 3. HP: 19/19 MP: 7/10
  1794 | D:2      | Found Haedill's Book Emporium.
  1954 | D:2      | Found a faded altar of an unknown god.
  2652 | D:3      | Found Ikefi's Antique Weapon Boutique.
  3138 | D:4      | Reached skill level 5 in Conjurations
  3138 | D:4      | Reached XP level 4. HP: 24/24 MP: 2/12
  3229 | D:4      | Learned a level 3 spell: Mephitic Cloud
  3359 | D:4      | Noticed a phantom
  3539 | D:4      | Noticed an ogre
  3716 | D:4      | Noticed Pargi
  3738 | D:4      | Reached skill level 1 in Air Magic
  3738 | D:4      | Reached skill level 1 in Poison Magic
  3738 | D:4      | Reached XP level 5. HP: 28/28 MP: 5/13
  3961 | D:4      | Killed a phantom
  3994 | D:3      | HP: 1/28 [hound (2)]
  3996 | D:3      | Slain by a hound

Illustrated notes

Levels and vault maps discovered:
D:1:      onia_arrival_mini_spirals, layout_basic
D:2:      layout_loops_ring, nicolae_ecumenical_lake_church, serial_shops, shop,
          skrybe_limestone_x, minmay_crystal_room
D:3:      layout_basic, serial_shops, shop
D:4:      layout_loops_ring, kennysheep_generic_room_15, uniq_sigmund,
          uniq_pargi

Skill      XL: |  1  2  3  4 |
---------------+-------------+-----
Stealth        | 3 |  3.5
Dodging        | 3 |  3.5
Spellcasting   | 4 |  4.7
Conjurations   | 5 |  5.3
Air Magic      | 1 |  1.5
Poison Magic   | 1 |  1.6

Action                   |  1- 3 |  4- 6 || total
-------------------------+-------+-------++-------
Melee: Dagger            |       |     1 ||     1
 Cast: Magic Dart        |    68 |    28 ||    96
       Searing Ray       |    28 |    18 ||    46
Armor: Robe              |       |     2 ||     2
Dodge: Dodged            |     5 |    20 ||    25
